 Dungeon Crawl Stone Soup version 0.21-a0-358-g8928369 (webtiles) character file.

802 Dfrag the Firebug (level 7, 0/69 HPs)
             Began as a Demonspawn Fire Elementalist on Oct 13, 2017.
             Slain by a bullfrog (5 damage)
             ... on level 6 of the Dungeon.
             The game lasted 00:06:43 (3845 turns).

Dfrag the Firebug (Demonspawn Fire Elementalist)    Turns: 3845, Time: 00:06:44

Health: 0/69       AC: 23    Str:  9      XL:     7   Next: 59%
Magic:  0/14       EV:  2    Int: 18      God:
Gold:   92         SH:  0    Dex: 15 (18) Spells: 7/15 levels left

rFire    . . .     SeeInvis .   m - +2 hand axe (venom)
rCold    . . .     Gourm    .   (no shield)
rNeg     + + +     Faith    .   (armour currently unavailable)
rPois    +         Spirit   +   (helmet currently unavailable)
rElec    .         Reflect  .   (cloak currently unavailable)
rCorr    .         Harm     .   (gloves currently unavailable)
MR       .....     NoTele   +   (boots currently unavailable)
Stlth    ++........             (no amulet)
HPRegen  0.21/turn              x - ring of loudness (curse)
MPRegen  0.14/turn              (no ring)

@: agile, tree-form
A: powered by death 1, magic shield
a: no special abilities


You were on level 6 of the Dungeon.
You were not hungry.
You were a tree.
You visited 1 branch of the dungeon, and saw 5 of its levels.

You collected 92 gold pieces.

Inventory:

Hand Weapons
 m - a +2 hand axe of venom (weapon)
Armour
 a - a +0 robe (melded)
 u - a +0 pair of gloves (melded)
Jewellery
 x - a cursed ring of loudness (left branch)
 z - an uncursed ring of ice
Wands
 v - a wand of enslavement (12/24)
 y - a wand of confusion (13/48)
Scrolls
 e - 3 scrolls of amnesia
 f - 2 scrolls of teleportation
 g - 3 scrolls of magic mapping {unknown}
 h - 2 scrolls of enchant armour {unknown}
 i - 2 scrolls of identify
 p - 2 scrolls of remove curse {unknown}
 r - a scroll of fog {unknown}
 w - a scroll of recharging {unknown}
 A - a scroll of blinking {unknown}
Potions
 j - a potion of agility
 l - a potion of curing
 n - 2 potions of lignification
 s - 2 potions of might
 t - a potion of magic {unknown}
Books
 b - a book of Flames

   Spells                             Type                      Level
   a - Flame Tongue                   Conjuration/Fire             1
   b - Throw Flame                    Conjuration/Fire             2
   c - Conjure Flame                  Conjuration/Fire             3
   d - Inner Flame                    Hexes/Fire                   3
   e - Sticky Flame                   Conjuration/Fire             4
   f - Fireball                       Conjuration/Fire             5
Comestibles
 c - 3 bread rations
 d - 2 chunks of flesh
 k - 2 royal jellies
 o - 2 meat rations
 q - 3 fruits


   Skills:
 - Level 1.7 Dodging
 - Level 1.7 Stealth
 + Level 4.8 Spellcasting
 + Level 4.8 Conjurations
 + Level 5.2 Fire Magic


You had 7 spell levels left.
You knew the following spells:

 Your Spells              Type           Power        Failure   Level  Hunger
a - Flame Tongue          Conj/Fire      ###..        1%          1    None
b - Conjure Flame         Conj/Fire      ###.....     4%          3    ###....
c - Sticky Flame          Conj/Fire      ###.....     17%         4    ####...


Dungeon Overview and Level Annotations

Branches:
Dungeon (4/15)
 Temple: D:4-7

Altars:
Ashenzari
Trog
Wu Jian


Innate Abilities, Weirdness & Mutations

((You have sharp fingernails.))
((You have a pair of small horns on your head.))
((You have razor-sharp toenails.))
You regenerate a little health from kills.
When hurt, damage is shared between your health and your magic reserves.


Message History

The bullfrog misses you.
It was a potion of lignification.
You turn into a tree.
Your +0 pair of gloves melds into your body.
Your +0 robe melds into your body.
Your roots penetrate the ground.
The bullfrog completely misses you.
You hit the bullfrog.
The bullfrog is lightly wounded.
The bullfrog hits you but does no damage. x2
You hit the bullfrog.
The bullfrog is moderately wounded.
The bullfrog completely misses you.
The bullfrog hits you but does no damage.
The orc warrior hits you from afar with a halberd!
* * * LOW HITPOINT WARNING * * *
You barely miss the bullfrog.
The bullfrog is moderately wounded.
The bullfrog hits you.
* * * LOW HITPOINT WARNING * * *
The bullfrog hits you.
You die...

. ## ##################
...........(.....#
#...#...#...#...####
.................... #
...#...#...#...###....
........)....oF♣.......
######################.


You could see an orc warrior and a bullfrog.

Vanquished Creatures
  Sigmund (D:3)
  A water moccasin (D:6)
  The ghost of Dfrag the Firebug, an amateur DsFE (D:3)
  2 howler monkeys (D:4)
  A crimson imp (D:6)
  2 orc priests (D:3)
  An orc wizard (D:3)
  An iguana (D:4)
  Natasha (thrice) (D:4)
  A worker ant (D:4)
  5 adders
  An ooze (D:1)
  4 worms
  A dart slug (D:1)
  6 leopard geckos
  11 orcs
  3 goblins
  6 hobgoblins
  6 jackals
  7 kobolds
  A quokka (D:3)
  4 ball pythons
  4 bats
  6 frilled lizards
  7 rats
86 creatures vanquished.

Notes
Turn   | Place    | Note
-------+----------+-------------------------------------------
     0 | D:1      | Dfrag the Demonspawn Fire Elementalist began the quest for the Orb.
     0 | D:1      | Reached XP level 1. HP: 13/13 MP: 3/3
   109 | D:1      | Found a shattered altar of Ashenzari.
   408 | D:1      | Gained mutation: When hurt, damage is shared between your health and your magic reserves. [demonic ancestry]
   408 | D:1      | Reached XP level 2. HP: 13/19 MP: 0/5
   797 | D:1      | Reached skill level 3 in Fire Magic
  1135 | D:2      | Gained mutation: You regenerate a little health from kills. [demonic ancestry]
  1135 | D:2      | Reached XP level 3. HP: 24/24 MP: 6/6
  1419 | D:2      | Found an ornate altar of the Wu Jian Council.
  1916 | D:3      | Gained mutation: You have a pair of small horns on your head. [demonic ancestry]
  1916 | D:3      | Reached XP level 4. HP: 27/30 MP: 6/8
  2300 | D:3      | Noticed Dfrag's ghost (amateur DsFE)
  2442 | D:3      | Noticed Sigmund
  2448 | D:3      | Learned a level 3 spell: Conjure Flame
  2453 | D:3      | Learned a level 4 spell: Sticky Flame
  2477 | D:3      | Killed Sigmund
  2477 | D:3      | Reached skill level 4 in Fire Magic
  2477 | D:3      | Gained mutation: You have sharp fingernails. [demonic ancestry]
  2477 | D:3      | Reached XP level 5. HP: 23/35 MP: 0/10
  2477 | D:3      | Gained mutation: You have sharp toenails. [demonic ancestry]
  2477 | D:3      | Reached XP level 6. HP: 27/41 MP: 0/11
  2741 | D:3      | Killed Dfrag's ghost
  3087 | D:4      | Noticed Natasha
  3097 | D:4      | Killed Natasha
  3137 | D:4      | Noticed Natasha
  3141 | D:4      | Killed Natasha
  3141 | D:4      | Gained mutation: You have razor-sharp toenails. [demonic ancestry]
  3141 | D:4      | Reached XP level 7. HP: 26/46 MP: 5/13
  3279 | D:4      | Noticed Natasha
  3285 | D:4      | Killed Natasha
  3467 | D:4      | Noticed a moth of wrath
  3506 | D:4      | Found a bloodstained altar of Trog.
  3644 | D:4      | Reached skill level 5 in Fire Magic
  3648 | D:4      | You fall through a shaft for 2 floors!
  3845 | D:6      | Slain by a bullfrog

Vault maps used:
D:1:      dpeg_arrival_fog, kennysheep_minor_cross, evilmike_ruin_ashenzari
D:2:      overflow_temple_1_default, minmay_shallow_snake_nest
D:3:      uniq_sigmund
D:4:      tgw_trog, uniq_natasha
D:6:      nicolae_tso_besieged_by_evil, lemuel_coloured_pillars_altar

Skill      XL: |  1  2  3  4  5  6  7 |
---------------+----------------------+-----
Fire Magic     | 3 4 5 |  5.2
Conjurations   | 2 3 4 |  4.8
Spellcasting   | 3 4 |  4.8
Dodging        | |  1.7
Stealth        | |  1.7

Action                   |  1- 3 |  4- 6 |  7- 9 || total
-------------------------+-------+-------+-------++-------
Melee: Unarmed           |     8 |       |       ||     8
       Hand axe          |    26 |    63 |    37 ||   126
       Headbutt          |       |     7 |     3 ||    10
       Kick              |       |    10 |     2 ||    12
 Cast: Flame Tongue      |    46 |    30 |    23 ||    99
       Sticky Flame      |       |     1 |     4 ||     5
  Use: Potion            |       |     1 |     3 ||     4
       Scroll            |       |       |     3 ||     3
 Stab: Sleeping          |       |     1 |       ||     1
  Eat: Chunk             |     4 |     4 |     3 ||    11
Armor: Robe              |    13 |     9 |    10 ||    32
       Skin              |       |       |     3 ||     3
Dodge: Dodged            |    47 |    52 |    45 ||   144

Table legend:
 A = Spawn XP
 B = Non-spawn XP
 C = Spawn XP percentage of total XP
 D = Spawn monster count
 E = Non-spawn monster count
 F = Spawn count percentage of total count
 G = Total turns spent on level
                    A         B        C        D         E        F      G
               +---------+---------+-------+---------+---------+-------+---------
         Total |       0 |    1146 |   0.0 |       0 |      86 |   0.0 |  3845
               +---------+---------+-------+---------+---------+-------+---------
           D:1 |       0 |      36 |   0.0 |       0 |      17 |   0.0 |  1024
           D:2 |       0 |      43 |   0.0 |       0 |      17 |   0.0 |   939
           D:3 |       0 |     521 |   0.0 |       0 |      28 |   0.0 |  1103
           D:4 |       0 |     324 |   0.0 |       0 |      18 |   0.0 |   582
           D:6 |       0 |     222 |   0.0 |       0 |       6 |   0.0 |   197
               +---------+---------+-------+---------+---------+-------+---------
